 Dungeon Crawl Stone Soup version 0.27-a0-732-ga892ba84f6 (webtiles) character file.

Game seed: 16897601920934785834

308 rageheart7 the Slasher (level 6, -1/51 HPs)
             Began as a Barachi Monk on Mar 23, 2021.
             Slain by Sigmund
             ... wielding a +0 scythe
              (7 damage)
             ... on level 3 of the Dungeon.
             The game lasted 00:03:59 (3325 turns).

rageheart7 the Slasher (Barachi Monk)               Turns: 3325, Time: 00:04:00

Health: -1/51      AC:  9    Str: 15    XL:     6   Next: 40%
Magic:  6/6        EV: 11    Int: 10    God:
Gold:   101        SH:  0    Dex: 14    Spells: 5/5 levels left

rFire    . . .     SeeInvis .   a - +0 falchion
rCold    . . .     Faith    .   (no shield)
rNeg     . . .     Spirit   .   d - +0 ring mail {rPois}
rPois    +         Reflect  .   (no helmet)
rElec    .         Harm     .   (no cloak)
rCorr    .         Rampage  .   (no gloves)
Will     .....                  (no boots)
Stlth    ..........             (no amulet)
HPRegen  0.17/turn              f - +4 ring of protection
MPRegen  0.10/turn              (no ring)

@: confused, mighty, berserk cooldown, flying, slowed, very slow
A: +LOS, amphibious, slowness 1, strong legs 1
a: Hop


You were on level 3 of the Dungeon.
You visited 1 branch of the dungeon, and saw 3 of its levels.

You collected 101 gold pieces.

Inventory:

Hand Weapons
 a - a +0 falchion (weapon)
Armour
 d - a +0 ring mail of poison resistance (worn)
Jewellery
 f - a +4 ring of protection (right hand)
Scrolls
 c - 3 scrolls of magic mapping {unknown}
 e - 3 scrolls of identify {unknown}
 h - a scroll of vulnerability {unknown}


   Skills:
 * Level 5.5 Fighting
 * Level 7.3 Long Blades
 - Level 3.2 Dodging
 - Level 1.7 Stealth


You had 5 spell levels left.
You didn't know any spells.
Your spell library contained the following spells:

 Spells                   Type           Power      Damage    Failure   Level
 Magic Dart               Conj           0%         1d3       58%         1
 Blink                    Tloc           N/A        N/A       75%         2
 Call Imp                 Summ           0%         N/A       75%         2
 Slow                     Hex            0%         N/A       75%         2
 Conjure Flame            Conj/Fire      0%         6-21      92%         3
 Mephitic Cloud           Conj/Pois/Air  0%         N/A       92%         3


Dungeon Overview and Level Annotations

Branches:
Dungeon (3/15)

Altars:

Shops:
D:1 (

Annotations:
D:3 Sigmund


Innate Abilities, Weirdness & Mutations

You can be seen from farther away. (+LOS)
You are amphibious.
You cover ground slowly.
You can hop short distances.


Message History

Deactivating autopickup; reactivate with Ctrl-A.
Something hits you.
You miss something.
You hear some strange, mumbled words.
You are more confused.
You barely miss something. Something hits you! x2
You are more confused.
You feel invigorated. Something hits you. Something hits you!
Something hits you. Something hits you. x2
* * * LOW HITPOINT WARNING * * *
You bump into the rock wall.
Something hits you but does no damage.
You bump into the rock wall.
You feel less invigorated. Something hits you.
You hear some strange, mumbled words.
A puff of flame appears from out of thin air!
The puff of flame hits you.
* * * LOW HITPOINT WARNING * * *
Something hits you.
* * * LOW HITPOINT WARNING * * *
Something hits you!
* * * LOW HITPOINT WARNING * * *
You feel much better.
You feel less confused. Something hits you!
* * * LOW HITPOINT WARNING * * *
You miss something. Something hits you but does no damage.
You hear some strange, mumbled words.
You are confused.
A magic dart appears from out of thin air!
The magic dart hits you!
* * * LOW HITPOINT WARNING * * *
It was a potion of flight.
You feel very buoyant.
You fly up into the air.
Something hits you but does no damage. Something hits you.
* * * LOW HITPOINT WARNING * * *
It was a potion of might.
You feel very mighty all of a sudden. Something hits you!
You die...

##.#####....## #.#
##.#.......## #.#
.....#)#.#.# ##.#
###.....##.# #... #
##...###'## #..## #
######...## #...# # ##
##.....###.#.# .# .##
##......[##.#.#..#
..####.......>.#@.....##
.....'.........'..{....#
..####.........##.....##
.## ##.......###.......#
## ##.....## #...###.#
##...## ##### .# ##'## #
#########.# #.........#


There were no monsters in sight!

Vanquished Creatures
  A vampire bat (D:3)
  A howler monkey (D:3)
  Jessica (D:3)
  5 adders
  3 worms
  A dart slug (D:1)
  3 fire bats (D:3)
  2 orcs (D:3)
  2 spectral bats (D:3)
  4 ball pythons
  16 bats
  3 bat skeletons (D:3)
  A bat zombie (D:3)
  A giant cockroach (D:2)
  8 goblins
  4 hobgoblins
  3 jackals (D:3)
  6 kobolds
  4 oozes
  2 quokkas (D:3)
  A bat simulacrum (D:3)
  4 frilled lizards
  9 rats
85 creatures vanquished.

Notes
Turn   | Place    | Note
-------+----------+-------------------------------------------
     0 | D:1      | rageheart7 the Barachi Monk began the quest for the Orb.
     0 | D:1      | Reached XP level 1. HP: 18/18 MP: 1/1
   259 | D:1      | Found Luntul's Weapon Shoppe.
   299 | D:1      | Reached skill level 4 in Long Blades
   299 | D:1      | Reached XP level 2. HP: 23/25 MP: 2/2
   945 | D:2      | Reached XP level 3. HP: 30/30 MP: 3/3
  1284 | D:2      | Reached skill level 5 in Long Blades
  1284 | D:2      | Reached XP level 4. HP: 30/38 MP: 4/4
  1548 | D:2      | Found a faded altar of an unknown god.
  2263 | D:3      | Reached skill level 6 in Long Blades
  2263 | D:3      | Reached XP level 5. HP: 35/43 MP: 5/5
  2568 | D:3      | Reached skill level 5 in Fighting
  2576 | D:3      | Noticed Jessica
  2586 | D:3      | Killed Jessica
  2594 | D:3      | Reached XP level 6. HP: 50/51 MP: 6/6
  2640 | D:3      | Reached skill level 7 in Long Blades
  3292 | D:3      | Noticed Sigmund
  3320 | D:3      | HP: 2/51 [something (9)]
  3325 | D:3      | Slain by Sigmund

Illustrated notes

Levels and vault maps discovered:
D:1:      sevenhm_arrival_forest_fort_large_2, layout_basic, serial_shops,
          nicolae_shop_temple_entry_statues_fountains
D:2:      layout_rooms, chequers_ecumenical_altar_simple_redux
D:3:      layout_loops_corners, goddamned_bats, uniq_jessica, uniq_sigmund

Skill      XL: |  1  2  3  4  5  6 |
---------------+-------------------+-----
Long Blades    | 4 5 6 7 |  7.3
Fighting       | 4 5 |  5.5
Dodging        | |  3.2
Stealth        | |  1.7

Action                   |  1- 3 |  4- 6 || total
-------------------------+-------+-------++-------
Melee: Falchion          |   101 |   210 ||   311
  Use: Potion            |       |     8 ||     8
 Stab: Sleeping          |     2 |       ||     2
Armor: Ring mail         |    53 |   151 ||   204
Dodge: Dodged            |    54 |   190 ||   244
       Rpst.: Falchion   |    24 |    61 ||    85

Table legend: (Time is in decaauts)
 A = Elapsed time spent in this place.
 B = Non-inter-level travel time spent in this place.
 C = Inter-level travel time spent in this place.
 D = Time resting spent in this place.
 E = Time spent auto-exploring this place.
 F = Levels seen in this place.
 G = Mean time per level.
                   A        B        C        D        E       F      G
               +--------+--------+--------+--------+--------+-----+--------+
         Total |   3698 |   3592 |    106 |    440 |   2513 |   3 | 1232.7 |
       Dungeon |   3698 |   3592 |    106 |    440 |   2513 |   3 | 1232.7 |
               +--------+--------+--------+--------+--------+-----+--------+

Top non-repeatable levels by time:
     D:3: 1708 daAuts
     D:1: 1075 daAuts
     D:2: 915 daAuts
